 Dungeon Crawl Stone Soup version 0.31-a0-358-gac0dbeb3ab (webtiles) character file.

Game seed: 2987669584032246159

123 CraigForest the Ruffian (level 4, 0/44 HPs)
             Began as a Draconian Monk on July 25, 2023.
             Was a Believer of the Shining One.
             Succumbed to an orc wizard's poison
             ... on level 3 of the Dungeon.
             The game lasted 00:13:54 (1555 turns).

CraigForest the Ruffian (Draconian Monk)            Turns: 1555, Time: 00:13:54

Health: 0/44       AC:  7    Str: 16    XL:     4   Next: 80%
Magic:  4/4        EV: 13    Int: 10    God:    the Shining One [**....]
Gold:   184        SH:  0    Dex: 13    Spells: 3/3 levels left

rFire   . .          .
                       - Unarmed
rCold   x . .        b - orb {light}
rNeg    + . .        (body armour unavailable)
rPois   .            (helmet restricted)
rElec   .            s - +0 cloak
rCorr   .            (no gloves)
SInv    .            l - +0 pair of boots
Will    .....        (no amulet)
Stlth   +            g - ring of fire
HPRegen 0.27/turn    (no ring)
MPRegen 0.09/turn

%: no passive effects
@: lethally poisoned (0 -> -10), glowing
A: AC +5, unfitting armour, cold-blooded, antennae 1, high MP 1, robust 1, heat
vulnerability 1
a: Renounce Religion, Divine Shield


You were on level 3 of the Dungeon.
You worshipped the Shining One.
The Shining One was pleased with you.
You visited 1 branch of the dungeon, and saw 3 of its levels.

You collected 184 gold pieces.

Inventory:

Hand Weapons
 j - a +0 great sword
Armour
 b - an orb of light (worn)
 l - a +0 pair of boots (worn)
 o - a +0 helmet
 s - a +0 cloak (worn)
Jewellery
 g - a ring of fire (left hand)
Talismans
 c - a storm talisman
Scrolls
 d - a scroll of blinking
 e - a scroll of enchant weapon {unknown}
 f - 2 scrolls of teleportation
 k - 2 scrolls of poison
 q - a scroll of fear {unknown}
Potions
 a - a potion of ambrosia
 h - a potion of enlightenment
 i - a potion of invisibility
 m - a potion of curing
 n - a potion of heal wounds {unknown}
 p - a potion of degeneration {unknown}
 r - a potion of resistance {unknown}


   Skills:
 + Level 3.7 Fighting
 * Level 3.4 Dodging
 * Level 4.4 Unarmed Combat
 * Level 1.1 Shapeshifting


You had 3 spell levels left.
You didn't know any spells.
Your spell library contained the following spells:

 Spells                   Type           Power      Damage    Failure   Level
 Ozocubu's Armour         Ice            0%         N/A       75%         3
 Portal Projectile        Hex/Tloc       0%         N/A       75%         3
 Tukima's Dance           Hex            0%         N/A       75%         3
 Iskenderun's Mystic Bla  Conj/Tloc      0%         2d3       98%         4
 Metabolic Englaciation   Hex/Ice        0%         N/A       100%        5
 Simulacrum               Ice/Necr       0%         N/A       100%        6


Dungeon Overview and Level Annotations

Branches:
Dungeon (3/15)

Altars:
Vehumet
The Shining One

Shops:
D:3 (


Innate Abilities, Weirdness & Mutations

Your plain brown scales are hard. (AC +5)
You cannot fit into any form of body armour.
You are cold-blooded and may be slowed by cold attacks.
You have a pair of small antennae on your head.
You have an increased reservoir of magic. (+10% MP)
You are robust. (+10% HP)
You are vulnerable to heat. (rF-)


Message History

The orc is heavily wounded.
The orc barely misses you.
Unknown command.
The orc attacks as you move away! The orc misses you.
The orc wizard gestures at you while chanting.
You resist with some effort.
You barely miss the orc.
The orc is heavily wounded.
The orc barely misses you.
You hit the orc but do no damage.
The orc is heavily wounded.
The orc closely misses you.
You hit the orc wizard.
The orc wizard is moderately wounded.
You hit the orc wizard. You tail-slap the orc wizard.
The orc wizard is almost dead.
The orc wizard hits you but does no damage.
You are poisoned.
The orc hits you with a +0 club.
* * * LOW HITPOINT WARNING * * *
You hit the orc wizard but do no damage.
The orc wizard is almost dead.
* * * LOW HITPOINT WARNING * * *
You feel very sick.
The orc wizard hits you but does no damage.
You are lethally poisoned!
The orc hits you but does no damage.
You hit the orc wizard.
You kill the orc wizard!
* * * LOW HITPOINT WARNING * * *
You feel very sick. The orc hits you but does no damage.
You hit the orc.
The orc is almost dead.
* * * LOW HITPOINT WARNING * * *
You feel very sick. The orc misses you.
You completely miss the orc.
The orc is almost dead.
You die...

.....#.....#.#
....)......# ...
.o...∩...# #..
#.......# #.# #{†...#
##. #.# #####...#
#..#####.###...#).##
#.........o#.#.##
#.........@#..o#
#.##.....†...)...##
###....<...........##
.#...##............#
...# #............#
##.####....))....#.#
#...##.....).....#.#
.....###.#...####..#
).....##...#.## .##


You could see an orc.

Vanquished Creatures
  2 orc wizards (D:3)
  3 adders
  A worm (D:2)
  2 dart slugs
  3 orcs (D:3)
  6 bats
  4 endoplasms
  A giant cockroach (D:2)
  4 goblins
  3 hobgoblins
  2 quokkas
  2 ball pythons
  2 frilled lizards (D:3)
  2 kobolds (D:1)
  2 rats (D:2)
39 creatures vanquished.

Notes
Turn   | Place    | Note
-------+----------+-------------------------------------------
     0 | D:1      | CraigForest the Draconian Monk began the quest for the Orb.
     0 | D:1      | Reached XP level 1. HP: 19/19 MP: 1/1
   209 | D:1      | Reached XP level 2. HP: 18/26 MP: 2/2
   770 | D:2      | Gained mutation: You are robust. (+10% HP) [potion of
                  | mutation]
   770 | D:2      | Gained mutation: You are clumsy. (Dex -2) [potion of
                  | mutation]
   770 | D:2      | Gained mutation: You occasionally lose the ability to read
                  | scrolls when taking damage. [potion of mutation]
   770 | D:2      | Gained mutation: Your tail ends in a venomous barb. [potion
                  | of mutation]
   771 | D:2      | Lost mutation: Your tail ends in a venomous barb. [potion
                  | of mutation]
   771 | D:2      | Lost mutation: You occasionally lose the ability to read
                  | scrolls when taking damage. [potion of mutation]
   771 | D:2      | Lost mutation: You are clumsy. (Dex -2) [potion of
                  | mutation]
   771 | D:2      | Gained mutation: You have a pair of small antennae on your
                  | head. [potion of mutation]
   771 | D:2      | Gained mutation: You are vulnerable to heat. (rF-) [potion
                  | of mutation]
   771 | D:2      | Gained mutation: You have an increased reservoir of magic.
                  | (+10% MP) [potion of mutation]
   782 | D:2      | Found a glowing golden altar of the Shining One.
   811 | D:2      | Became a worshipper of the Shining One
   811 | D:2      | Reached * piety under the Shining One
   811 | D:2      | Reached ** piety under the Shining One
  1060 | D:2      | Reached XP level 3. HP: 33/34 MP: 3/3
  1458 | D:3      | Found a radiant altar of Vehumet.
  1492 | D:3      | Reached skill level 4 in Unarmed Combat
  1492 | D:3      | Reached XP level 4. HP: 15/44 MP: 4/4
  1522 | D:3      | Found Keaf's Weapon Emporium.
  1532 | D:3      | Reached skill level 1 in Shapeshifting
  1555 | D:3      | Succumbed to an orc wizard's poison

Illustrated notes

Levels and vault maps discovered:
D:1:      dpeg_arrival_three_bigger_balls, layout_loops_ring, minmay_hexomino_f4
D:2:      layout_basic, basic_altar, serial_bayou_ford_a
D:3:      layout_rooms, mainiacjoe_overflow_six_doors_small, lemuel_round_altar,
          serial_shops, nicolae_shop_bloodbath_and_beyond

Skill      XL: |  1  2  3  4 |
---------------+-------------+-----
Dodging        | 3 |  3.4
Unarmed Combat | 4 |  4.4
Shapeshifting  | 1 |  1.1
Fighting       | |  3.7

Action                     |  1- 3 |  4- 6 || total
---------------------------+-------+-------++-------
  Melee: Unarmed           |    95 |    25 ||   120
         Tailslap          |    25 |     3 ||    28
    Use: Scroll            |     7 |       ||     7
         Potion            |     2 |       ||     2
 Armour: Skin              |    35 |    10 ||    45
  Dodge: Dodged            |    72 |    15 ||    87

Table legend: (Time is in decaauts)
 A = Elapsed time spent in this place.
 B = Non-inter-level travel time spent in this place.
 C = Inter-level travel time spent in this place.
 D = Time resting spent in this place.
 E = Time spent auto-exploring this place.
 F = Levels seen in this place.
 G = Mean time per level.
                   A        B        C        D        E       F      G
               +--------+--------+--------+--------+--------+-----+--------+
         Total |   1558 |   1101 |    457 |      0 |    734 |   3 |  519.3 |
       Dungeon |   1558 |   1101 |    457 |      0 |    734 |   3 |  519.3 |
               +--------+--------+--------+--------+--------+-----+--------+

Top non-repeatable levels by time:
     D:1: 750 daAuts
     D:2: 645 daAuts
     D:3: 162 daAuts
